 Dungeon Crawl Stone Soup version 0.21-a0-125-gb006224 (webtiles) character file.

328693 Murumi the Tortoise (level 21, -1/141 HPs)
             Began as a Gargoyle Fighter on July 13, 2017.
             Was the Champion of Elyvilon.
             Killed by the air
             ... invoked by a spriggan air mage
             ... led by the Enchantress
              (4 damage)
             ... on level 1 of the Depths on July 15, 2017.
             The game lasted 05:01:14 (55267 turns).

Murumi the Tortoise (Gargoyle Fighter)             Turns: 55267, Time: 05:01:15

Health: -1/141     AC: 51    Str: 28    XL:     21   Next: 70%
Magic:  0/30       EV: 12    Int: 13    God:    Elyvilon [******]
Gold:   2737       SH: 25    Dex: 13    Spells: 20/20 levels left

rFire    + . .     SeeInvis .   Z - +5 eveningstar (protect)
rCold    + . .     Gourm    .   p - +5 shield {reflect}
rNeg     + + .     Faith    .   S - +4 plate armour {rN+}
rPois    ∞         Spirit   +   (helmet restricted)
rElec    +         Reflect  +   u - scarf {Spirit}
rCorr    .         Harm     .   U - +0 pair of gloves of Muloq {rF+ Regen+ Dex+4}
MR       +....     NoTele   +   K - +0 pair of boots
Stlth    ..........             M - amulet of rage
HPRegen  0.73/turn              x - ring of Qirchid {rElec rC+}
MPRegen  0.22/turn              L - +6 ring of protection

@: cannot translocate, flying, slowed, very slow
A: big wings, fangs 1, horns 1, large bone plates 1, molten scales 1, slimy
green scales 1, low mp 1, negative energy resistance 1, electricity resistance,
strong 1, unbreathing, petrification resistance, rot immunity, subdued magic 2,
AC +15
}: 2/15 runes: decaying, gossamer
a: Stop Flying, Lesser Healing, Heal Other, Purification, Greater Healing,
Divine Vigour, Divine Protection, Renounce Religion, Evoke Berserk Rage


You were on level 1 of the Depths.
You worshipped Elyvilon.
Elyvilon was exalted by your worship.
You were near starving.

You visited 8 branches of the dungeon, and saw 35 of its levels.
You visited the Abyss 1 time.
You also visited: Desolation.

You collected 3792 gold pieces.
You spent 1055 gold pieces at shops.

Inventory:

Hand Weapons
 m - a +4 eveningstar of distortion
 Z - a +5 eveningstar of protection (weapon)
Missiles
 a - 3 silver tomahawks
 e - 458 stones
 h - a throwing net
 r - 34 tomahawks (quivered)
 t - 21 javelins
 C - 2 steel javelins
Armour
 p - a +5 shield of reflection (worn)
 u - a scarf of spirit shield (worn)
 K - a +0 pair of boots (worn)
 S - a +4 plate armour of positive energy (worn)
 U - the +0 pair of gloves of Muloq (worn) {rF+ Regen+ Dex+4}
   (You bought it in a shop on level 2 of the Orcish Mines)

   It affects your dexterity (+4).
   It protects you from fire.
   It increases your rate of regeneration.
Jewellery
 s - an uncursed ring of protection from fire
 x - the ring of Qirchid (left hand) {rElec rC+}
   (You found it in the Desolation of Salt)

   [ring of protection from cold]

   It protects you from cold.
   It insulates you from electricity.
 L - a +6 ring of protection (right hand)
 M - an amulet of rage (around neck)
Wands
 d - a wand of disintegration (7/24)
 q - a wand of acid (1/15)
 F - a wand of digging (10/24)
 P - a wand of disintegration (3/24)
Scrolls
 b - 16 scrolls of remove curse
 i - 8 scrolls of teleportation
 j - 5 scrolls of blinking
 l - 6 scrolls of fear
 n - 10 scrolls of amnesia
 v - 7 scrolls of recharging
 y - 3 scrolls of identify
 D - a scroll of enchant armour
 E - 3 scrolls of magic mapping
 N - 4 scrolls of fog
 V - 4 scrolls of summoning
 W - a scroll of holy word
Potions
 c - a potion of berserk rage
 g - 4 potions of cancellation
 k - 9 potions of heal wounds
 w - 4 potions of agility
 z - 6 potions of ambrosia
 B - 4 potions of curing
 H - 3 potions of invisibility
 I - 7 potions of haste
 O - a potion of might
 X - 3 potions of brilliance
 Y - a potion of resistance
Comestibles
 f - 24 bread rations
 o - 8 royal jellies
 A - 13 meat rations
 J - 40 fruits


   Skills:
 - Level 18.0 Fighting
 - Level 15.0 Maces & Flails
 - Level 9.0 Throwing
 - Level 18.3 Armour
 - Level 7.1 Dodging
 + Level 17.8 Shields
 - Level 17.0 Invocations


You had 20 spell levels left.
You didn't know any spells.

Dungeon Overview and Level Annotations

Branches:
Dungeon (15/15)            Temple (1/1) D:4            Lair (6/6) D:8
  Swamp (4/4) Lair:3       Spider (4/4) Lair:2        Slime (0/5) Lair:6
    Orc (2/2) D:10            Elf (2/3) Orc:2        Vaults (0/5) D:13
 Depths (1/5) D:15

Altars:
Ashenzari
Cheibriados
Dithmenos
Elyvilon
Fedhas
Gozag
Hepliaklqana
Kikubaaqudgha
Makhleb
Nemelex Xobeh
Okawaru
Qazlal
Ru
Sif Muna
Trog
Uskayaw
Vehumet
Wu Jian
Xom
Yredelemnul
Zin
The Shining One
Beogh

Shops:
D:4 (*   D:5 =   D:6 }   D:11 *   Orc:2 }:([   Elf:1 *   Elf:2 %

Portals:
Trove: D:14 (give +4 demon whip)

Annotations:
Depths:1 the Enchantress


Innate Abilities, Weirdness & Mutations

You are resistant to torment.
Your stone body is resilient. (AC +15)
You are immune to poison.
Your large and strong wings let you fly indefinitely.
You resist negative energy. (rN+)
You are resistant to electric shocks. (rElec)
You can survive without breathing.
You are immune to petrification.
You are immune to rotting.
You have very sharp teeth.
You have a pair of small horns on your head.
You are partially covered in large bone plates. (SH +4)
You are partially covered in molten scales. (AC +2)
You are partially covered in slimy green scales. (AC +2)
Your magical capacity is low. (-10% MP)
Your muscles are strong. (Str +2)
Your spells are easier to cast, but less powerful.


Message History

You hear some strange, mumbled words.
You are more confused.
The spriggan defender hits you but does no damage.
The cyan ugly thing trunk-slaps you but does no damage.
Something hits you!
* * * LOW HITPOINT WARNING * * *
The spriggan hits you but does no damage.
The spriggan defender hits you but does no damage.
Unknown command.
You feel better. You block something's attack.
The spriggan defender hits you with a rapier of flaming!
* * * LOW HITPOINT WARNING * * *
The spriggan defender burns you.
* * * LOW HITPOINT WARNING * * *
The cyan ugly thing closely misses you. You block the spriggan's attack.
Something barely misses you.
The spriggan defender hits you but does no damage.
The spriggan air mage waves its arms in wide circles.
The air twists around and violently strikes you in flight!
You die...

#uu.#.#...# #...#
#...#.....# #...#
#..#......# #...#
#.Y#......# #...#
#.#....##.# #...#
#.#÷.##.uY###...#
#..##.....#.....#
#........i#..uii#
###......#.i##@##
#..##....#iii.i#
##...#..#..iu###
###.#..#..##..####
#..#..##.....#.#
##...........#.#
###.#......#..####
#..##....#.....#
##...#..#....###


You could see a cyan very ugly thing, 2 spriggan defenders, a cyan ugly thing, a
spriggan berserker, 2 spriggan air magi and 2 spriggans.

Vanquished Creatures
  Mara (Spider:3)
  Bai Suzhen (Spider:4)
  Jorgrun (Swamp:2)
  Rupert (D:13)
  A deep elf blademaster (Elf:2)
  Gastronok (Lair:3)
  Frances (D:14)
  2 tentacled starspawn (Abyss:2)
  Kirke (Swamp:4)
  Donald (Swamp:3)
  6 thorn hunters
  Louise (Spider:4)
  5 ghost moths
  An orc warlord (Orc:1)
  A deep elf sorcerer (Elf:2)
  3 emperor scorpions (Spider:4)
  2 imperial myrmidons (Desolation)
  A deep elf elementalist (Elf:1)
  Aizul (Swamp:2)
  9 very ugly things (Depths:1)
  Azrael (Elf:2)
  6 entropy weavers
  Nessos (D:13)
  A deep elf annihilator (Elf:1)
  2 deep elf demonologists (Elf:1)
  3 halazid warlocks (Desolation)
  2 spark wasps (Spider:4)
  The ghost of afd the Thaumaturge, a journeyman OpCj of Vehumet (Lair:2)
  A crystal guardian (Desolation)
  Snorg (Lair:6)
  A deep elf death mage (Elf:1)
  2 fire dragons (D:15)
  4 ragged hierophants (Desolation)
  Harold (D:10)
  9 servants of whispers (Desolation)
  Fannar (D:12)
  A quicksilver dragon skeleton (Abyss:2)
  A rakshasa (Abyss:2)
  Erolcha (D:10)
  34 hydras
  3 catoblepae (Lair:6)
  3 centaur warriors
  9 peacekeepers (Desolation)
  6 two-headed ogres
  A death knight (D:11)
  6 alligators
  27 death yaks
  2 tengu warriors
  A queen ant (Spider:4)
  26 dancing weapons
  11 deep elf knights
  2 orc high priests
  2 thrashing horrors (Abyss:2)
  Nergalle (Lair:3)
  Urug (D:13)
  A fire crab (shapeshifter) (D:13)
  3 wretched stars (Abyss:2)
  7 spriggans
  2 sixfirhies (Abyss:2)
  A spatial maelstrom (Abyss:2)
  An unseen horror (D:12)
  A spriggan druid (Swamp:2)
  4 shambling mangroves
  15 swamp dragons
  12 deep elf archers
  A necromancer (Swamp:2)
  19 orb spiders
  An iron dragon zombie (Abyss:2)
  4 ironbrand convokers (Desolation)
  2 orc knights (Orc:1)
  A phantasmal warrior (D:11)
  4 oklob plants (Lair:2)
  47 deep elf magi
  12 ugly things
  4 manticores
  26 wolf spiders
  An orc sorcerer (Orc:2)
  A cyclops (D:14)
  3 moths of wrath
  Maurice (D:11)
  3 black mambas
  12 elephants
  5 torpor snails
  The ghost of flinch the Cleaver, a novice HOFi of Beogh (D:4)
  23 spiny frogs
  A guardian serpent (Abyss:2)
  2 centaur zombies
  4 smoke demons (Abyss:2)
  An eye of devastation (Lair:6)
  A freezing wraith (D:11)
  2 rime drakes
  An efreet (Abyss:2)
  4 ancient zymes (Abyss:2)
  19 demonic crawlers
  9 komodo dragons
  A queen bee (Lair:5)
  2 tengu conjurers
  A polar bear (Lair:5)
  40 jumping spiders
  2 hornets (shapeshifter)
  A hydra skeleton (Swamp:2)
  5 red devils
  9 trolls
  6 meliai
  35 blink frogs
  Prince Ribbit (Lair:5)
  11 small abominations (Abyss:2)
  4 tyrant leeches
  21 hornets
  16 hippogriffs
  27 slime creatures
  A hippogriff (shapeshifter) (Elf:1)
  10 bog bodies
  17 dream sheep
  4 large abominations (Abyss:2)
  53 saltlings (Desolation)
  21 starcursed masses (Abyss:2)
  The ghost of afd the Conjurer, an amateur OpCj (D:6)
  2 air elementals (Elf:1)
  35 tarantellas
  100 redbacks
  2 water elementals
  4 shadows
  4 wraiths
  A yak (shapeshifter) (Abyss:2)
  3 fire bats (Abyss:2)
  5 wyverns
  2 fire elementals (Elf:2)
  16 humans
  4 neqoxecs (Abyss:2)
  41 yaks
  3 hogs (Swamp:4)
  A steam dragon (Lair:5)
  4 basilisks
  20 vampire mosquitoes
  3 hungry ghosts
  A chaos spawn (Abyss:2)
  2 spriggan skeletons (Swamp:2)
  8 insubstantial wisps
  A spatial vortex (Abyss:2)
  A warg (shapeshifter) (Elf:2)
  3 wargs
  2 acid dragons
  29 swamp worms
  19 water moccasins
  The ghost of afd the Conjurer, an amateur OpCj (D:3)
  6 soldier ants
  11 porcupines
  3 hell hounds (Elf:2)
  2 ice beasts
  11 swamp drakes
  35 orc warriors
  An ice beast (shapeshifter) (Elf:1)
  4 sky beasts
  3 black bears
  A hornet zombie (D:11)
  3 necrophages
  2 eyes of draining
  12 ogres
  32 wolves
  13 centaurs
  23 crocodiles
  A big kobold (D:11)
  21 bullfrogs
  3 gnoll sergeants
  A wyvern zombie (D:6)
  An earth elemental (Elf:2)
  3 wyvern skeletons
  6 scorpions
  A water moccasin skeleton (D:5)
  36 killer bees
  7 wights
  2 electric eels
  6 howler monkeys
  7 crimson imps
  A bullfrog zombie (D:5)
  2 quasits
  6 hounds
  6 jellies
  27 orc priests
  4 bullfrog skeletons
  Terence (D:2)
  7 iguanas
  36 orc wizards
  12 worker ants
  A killer bee zombie (D:8)
  2 hound zombies
  2 worker ant zombies
  12 gnolls
  A howler monkey skeleton (D:4)
  16 adders
  4 shadow imps
  2 white imps (Abyss:2)
  An ooze (D:3)
  2 adder skeletons
  2 adder zombies
  21 worms
  A dart slug (D:2)
  10 leopard geckos
  140 orcs
  3 ball pythons
  4 bats
  7 giant cockroaches
  6 hobgoblins
  3 jackals (D:3)
  17 kobolds
  5 quokkas
  2 ball python skeletons (D:5)
  5 frilled lizards
  10 goblins
  A jackal skeleton (D:7)
  A leopard gecko skeleton (D:5)
  A leopard gecko zombie (D:5)
  8 rats
  5 plants
  3 starspawn tentacles (Abyss:2)
1741 creatures vanquished.

Vanquished Creatures (collateral kills)
  A water moccasin (Lair:2)
1 creature vanquished.

Vanquished Creatures (others)
  Arachne (Spider:1)
  3 death yaks (Lair:6)
  A deep elf knight (Elf:2)
  An unseen horror (D:13)
  A deep elf mage (Elf:1)
  A blink frog (Swamp:1)
  A saltling (Desolation)
  A yak (Lair:6)
  4 humans (Swamp:4)
  A howler monkey (D:13)
  An orc (Orc:2)
  25 fungi
  2 lurking horrors (Abyss:2)
  33 plants
  2 starspawn tentacles (Abyss:2)
78 creatures vanquished.

Grand Total: 1820 creatures vanquished

Notes
Turn   | Place    | Note
-------+----------+-------------------------------------------
     0 | D:1      | Murumi the Gargoyle Fighter began the quest for the Orb.
     0 | D:1      | Reached XP level 1. HP: 14/14 MP: 1/1
    98 | D:1      | Reached skill level 1 in Throwing
   325 | D:1      | Reached XP level 2. HP: 19/19 MP: 2/2
   397 | D:1      | Reached skill level 1 in Dodging
   990 | D:1      | Reached XP level 3. HP: 23/23 MP: 3/3
  1325 | D:2      | Reached XP level 4. HP: 29/29 MP: 4/4
  1357 | D:2      | Noticed Terence
  1373 | D:2      | Killed Terence
  1677 | D:2      | Reached XP level 5. HP: 31/33 MP: 5/5
  1934 | D:3      | Found a white marble altar of Elyvilon.
  1934 | D:3      | Found a glowing golden altar of the Shining One.
  1934 | D:3      | Found a snail-covered altar of Cheibriados.
  1942 | D:3      | Found a burning altar of Makhleb.
  1942 | D:3      | Found a deep blue altar of Sif Muna.
  1943 | D:3      | Found a shadowy altar of Dithmenos.
  1954 | D:3      | Became a worshipper of Elyvilon the Healer
  2168 | D:3      | Found a faded altar of an unknown god.
  2636 | D:3      | Noticed afd's ghost (amateur OpCj)
  2648 | D:3      | Killed afd's ghost
  2648 | D:3      | Reached XP level 6. HP: 34/38 MP: 5/8
  3126 | D:3      | Gained mutation: You are frail. (-10% HP) [potion of mutation]
  3126 | D:3      | Gained mutation: You are very frail. (-20% HP) [potion of mutation]
  3126 | D:3      | Gained mutation: Your magical capacity is low. (-10% MP) [potion of mutation]
  3126 | D:3      | Gained mutation: You are covered in fur. (AC +1) [potion of mutation]
  3515 | D:3      | Found a sacrificial altar of Ru.
  3675 | D:3      | Reached XP level 7. HP: 17/35 MP: 9/9
  3904 | D:4      | Found a burning altar of Makhleb.
  3912 | D:3      | Reached skill level 5 in Fighting
  4352 | D:4      | Reached * piety under Elyvilon
  4459 | D:4      | Found Adghol's Antique Weapon Boutique.
  4664 | D:4      | Noticed a hungry ghost
  4709 | D:4      | Killed a hungry ghost
  4709 | D:4      | Reached skill level 5 in Shields
  5031 | D:4      | Found Vueronk's Assorted Antiques.
  5035 | D:4      | Bought a scroll labeled SUN BOTESMEA for 19 gold pieces
  5035 | D:4      | Bought a black potion for 17 gold pieces
  5036 | D:4      | Bought a bone ring for 95 gold pieces
  5097 | D:4      | Found a staircase to the Ecumenical Temple.
  5103 | D:4      | Noticed flinch's ghost (novice HOFi)
  5139 | D:4      | Killed flinch's ghost
  5139 | D:4      | Reached XP level 8. HP: 36/39 MP: 10/10
  5412 | Temple   | Entered the Ecumenical Temple
  5503 | D:5      | Entered Level 5 of the Dungeon
  5668 | D:5      | Found Laututzo's Jewellery Shop.
  5742 | D:5      | Bought a cursed -4 ring of strength for 24 gold pieces
  5800 | D:5      | Reached skill level 5 in Invocations
  6235 | D:5      | Reached ** piety under Elyvilon
  7158 | D:6      | Got a faintly humming chain mail
  7169 | D:6      | Identified the +8 chain mail of Zez Mym {-Cast Str+5 SInv} (You found it on level 6 of the Dungeon)
  7208 | D:6      | Reached XP level 9. HP: 39/44 MP: 9/12
  7215 | D:6      | Noticed afd's ghost (amateur OpCj)
  7235 | D:6      | Killed afd's ghost
  7235 | D:6      | Reached skill level 5 in Maces & Flails
  7244 | D:6      | Lost mutation: You are very frail. (-20% HP) [mutagenic meat]
  7245 | D:6      | Gained mutation: You are partially covered in iridescent scales. (AC +2) [mutagenic meat]
  7246 | D:6      | Gained mutation: Your muscles are strong. (Str +2) [mutagenic meat]
  7247 | D:6      | Gained mutation: You have a pair of small antennae on your head. [mutagenic meat]
  7248 | D:6      | Lost mutation: You are frail. (-10% HP) [mutagenic meat]
  7728 | D:6      | Gained mutation: You are agile. (Dex +2) [mutagenic meat]
  7730 | D:6      | Lost mutation: Your magical capacity is low. (-10% MP) [mutagenic meat]
  7731 | D:6      | Gained mutation: You are very agile. (Dex +4) [mutagenic meat]
  7794 | D:6      | Identified the Grimoire of Toxins and Black Rituals
  8024 | D:6      | Lost mutation: Your muscles are strong. (Str +2) [mutagenic meat]
  8025 | D:6      | Gained mutation: Your muscles are strong. (Str +2) [mutagenic meat]
  8026 | D:6      | Gained mutation: You possess an exceptional clarity of mind. [mutagenic meat]
  8035 | D:6      | Found Nuofous's Gadget Shoppe.
  8491 | D:7      | Reached XP level 10. HP: 51/63 MP: 11/15
  8679 | D:7      | Reached *** piety under Elyvilon
  9381 | D:8      | Noticed a two-headed ogre
  9392 | D:8      | Killed a two-headed ogre
  9734 | D:8      | Found a staircase to the Lair.
 10152 | Lair:1   | Entered Level 1 of the Lair of Beasts
 10229 | Lair:1   | Reached XP level 11. HP: 62/69 MP: 15/17
 10664 | Lair:1   | Upgraded the game from 0.21-a0-122-g43b3ea6 to 0.21-a0-125-gb006224
 10668 | Lair:1   | Reached **** piety under Elyvilon
 10668 | Lair:1   | Noticed a seven-headed hydra
 10683 | Lair:1   | Killed a seven-headed hydra
 12159 | Lair:2   | Noticed afd's ghost (journeyman OpCj)
 12191 | Lair:2   | Killed afd's ghost
 12541 | Lair:2   | You fall through a shaft!
 12581 | Lair:3   | Noticed Prince Ribbit
 12880 | Lair:3   | Reached XP level 12. HP: 73/77 MP: 16/18
 13163 | Lair:3   | Reached skill level 10 in Fighting
 13299 | Lair:2   | Found a hole to the Spider Nest.
 13534 | Lair:2   | Noticed a six-headed hydra
 13551 | Lair:2   | Killed a six-headed hydra
 13551 | Lair:2   | Reached skill level 10 in Armour
 14079 | Lair:2   | Reached skill level 10 in Shields
 15198 | Lair:3   | Reached ***** piety under Elyvilon
 15198 | Lair:3   | Noticed a five-headed hydra
 15215 | Lair:3   | Killed a five-headed hydra
 15215 | Lair:3   | Reached skill level 10 in Invocations
 15441 | Lair:3   | Noticed Nergalle
 15460 | Lair:3   | Killed Nergalle
 15924 | Lair:3   | Found a staircase to the Swamp.
 16054 | Lair:3   | Noticed Gastronok
 16082 | Lair:3   | Killed Gastronok
 16169 | Lair:3   | Noticed a four-headed hydra
 16179 | Lair:3   | Killed a four-headed hydra
 16179 | Lair:3   | Reached XP level 13. HP: 79/84 MP: 18/20
 17098 | Lair:3   | Found a staircase to the Swamp.
 18115 | Lair:4   | Found a runed door.
 19034 | Lair:5   | Killed Prince Ribbit
 19075 | Lair:5   | Reached skill level 10 in Maces & Flails
 19179 | Lair:4   | Reached skill level 5 in Throwing
 19871 | Lair:5   | Gained mutation: Your large and strong wings let you fly indefinitely. [Gargoyle growth]
 19871 | Lair:5   | Reached XP level 14. HP: 59/92 MP: 20/22
 20260 | Lair:5   | Identified the cursed +0 chain mail "Zomnuesiu" {rN+ rCorr Str+3 Int+2} (You found it on level 5 of the Lair of Beasts)
 21084 | Lair:6   | Entered Level 6 of the Lair of Beasts
 21376 | Lair:6   | Found a staircase to the Slime Pits.
 21866 | Lair:6   | Reached ****** piety under Elyvilon
 22271 | Lair:6   | Reached skill level 5 in Dodging
 23119 | Lair:6   | Reached XP level 15. HP: 93/98 MP: 22/24
 24525 | Lair:6   | Noticed Snorg
 24559 | Lair:6   | Killed Snorg
 26712 | D:10     | Entered Level 10 of the Dungeon
 26895 | D:10     | Found a staircase to the Orcish Mines.
 26903 | D:10     | Noticed Harold
 26940 | D:10     | Killed Harold
 27179 | D:10     | Found a deep blue altar of Sif Muna.
 27498 | D:10     | Noticed Erolcha
 27502 | D:10     | Killed Erolcha
 27759 | Orc:1    | Entered Level 1 of the Orcish Mines
 28335 | Orc:2    | Entered Level 2 of the Orcish Mines
 28335 | Orc:2    | Found a staircase to the Elven Halls.
 28379 | Orc:2    | Found a roughly hewn altar of Beogh.
 28920 | Orc:2    | Noticed an orc warlord
 29186 | Orc:1    | Killed an orc warlord
 29533 | Orc:2    | Found a roughly hewn altar of Beogh.
 29575 | Orc:2    | Found a roughly hewn altar of Beogh.
 29703 | Orc:2    | Found a roughly hewn altar of Beogh.
 29716 | Orc:2    | Reached XP level 16. HP: 102/105 MP: 23/25
 29740 | Orc:2    | Found Pashieg's Gadget Shop.
 29882 | Orc:2    | Found a roughly hewn altar of Beogh.
 29947 | Orc:2    | Found a roughly hewn altar of Beogh.
 29981 | Orc:2    | Found a roughly hewn altar of Beogh.
 30224 | Orc:2    | Found Tennuam's Antique Armour Emporium.
 30226 | Orc:2    | Found a roughly hewn altar of Beogh.
 30232 | Orc:2    | Found Rakibropt's Antique Weapon Shoppe.
 30237 | Orc:2    | Bought a dazzling plate armour for 672 gold pieces
 30237 | Orc:2    | Bought a pair of faintly glowing gloves for 228 gold pieces
 30248 | Orc:2    | Identified the +1 plate armour of Satisfaction {+Blink rF- Int+5 Dex+4 Slay-3} (You bought it in a shop on level 2 of the Orcish Mines)
 30261 | Orc:2    | Identified the +0 pair of gloves of Muloq {rF+ Regen+ Dex+4} (You bought it in a shop on level 2 of the Orcish Mines)
 30635 | Orc:2    | Found Zujoshu's Book Shop.
 31087 | D:11     | Found Meystru's General Store.
 31922 | D:12     | Noticed Maurice
 31984 | D:11     | Killed Maurice
 32443 | D:12     | Gained mutation: Scrolls take you a little longer to read. [mutagenic meat]
 32444 | D:12     | Lost mutation: Scrolls take you a little longer to read. [mutagenic meat]
 32445 | D:12     | Gained mutation: You have large cloven feet. [mutagenic meat]
 32544 | D:12     | Noticed Fannar
 32573 | D:12     | Killed Fannar
 32962 | D:13     | Found a gate to the Vaults.
 32962 | D:13     | Noticed Urug
 32962 | D:13     | Noticed Rupert
 32962 | D:13     | Noticed Nessos
 33181 | D:13     | Killed Rupert
 33240 | D:13     | Killed Nessos
 33500 | D:13     | Killed Urug
 34056 | D:13     | Gained mutation: Your spells are a little harder to cast, but a little more powerful. [mutagenic meat]
 34057 | D:13     | Lost mutation: You are very agile. (Dex +4) [mutagenic meat]
 34633 | D:14     | Found a shadowy altar of Dithmenos.
 35201 | D:14     | Noticed Frances
 35259 | D:14     | Lost mutation: You possess an exceptional clarity of mind. [a neqoxec]
 35269 | D:14     | Lost mutation: You are agile. (Dex +2) [a neqoxec]
 35273 | D:14     | Killed Frances
 35275 | D:14     | Identified a scroll of acquirement
 35415 | D:14     | Found a portal to a secret trove of treasure.
 35826 | D:15     | Entered Level 15 of the Dungeon
 36434 | D:15     | Gained mutation: You have supernaturally acute eyesight. (SInv) [mutagenic meat]
 36435 | D:15     | Gained mutation: You are somewhat resistant to further mutation. [mutagenic meat]
 36441 | D:15     | Gained mutation: Your magical capacity is low. (-10% MP) [mutagenic meat]
 36551 | D:15     | Found a staircase to the Depths.
 36871 | Swamp:1  | Entered Level 1 of the Swamp
 36991 | Swamp:1  | Reached XP level 17. HP: 111/111 MP: 24/24
 38234 | Swamp:2  | Reached skill level 15 in Shields
 38601 | Swamp:2  | Noticed Aizul
 38614 | Swamp:2  | Killed Aizul
 38663 | Swamp:2  | Noticed Jorgrun
 38677 | Swamp:2  | Killed Jorgrun
 39351 | Swamp:3  | Reached skill level 15 in Fighting
 39851 | Swamp:3  | Noticed Donald
 39877 | Swamp:3  | Killed Donald
 40230 | Swamp:4  | Entered Level 4 of the Swamp
 40335 | Swamp:4  | Noticed Kirke
 40344 | Swamp:4  | Reached skill level 15 in Armour
 40351 | Swamp:4  | Killed Kirke
 40672 | Swamp:3  | Reached XP level 18. HP: 96/119 MP: 20/25
 41239 | Swamp:4  | Reached skill level 15 in Invocations
 41360 | Swamp:4  | Got a decaying rune of Zot
 41815 | Spider:1 | Entered Level 1 of the Spider Nest
 42667 | Spider:2 | Noticed Arachne
 42733 | Spider:1 | Killed Arachne
 43039 | Spider:1 | Gained mutation: Your muscles are very strong. (Str +4) [mutagenic meat]
 43040 | Spider:1 | Gained mutation: You are frail. (-10% HP) [mutagenic meat]
 44736 | Spider:3 | Noticed Mara
 44764 | Spider:3 | Noticed Murumi's illusion
 44804 | Spider:3 | Noticed Murumi's illusion
 44846 | Spider:3 | Killed Mara
 44846 | Spider:3 | Reached XP level 19. HP: 53/112 MP: 20/27
 46466 | Spider:4 | Entered Level 4 of the Spider Nest
 46700 | Spider:4 | Noticed Louise
 46739 | Spider:4 | Killed Louise
 47155 | Spider:4 | Lost mutation: You are covered in fur. (AC +1) [mutagenic meat]
 47156 | Spider:4 | Lost mutation: Your muscles are very strong. (Str +4) [mutagenic meat]
 47157 | Spider:4 | Lost mutation: Your magical capacity is low. (-10% MP) [mutagenic meat]
 47158 | Spider:4 | Gained mutation: You have sharp fingernails. [mutagenic meat]
 48434 | Spider:4 | Got a gossamer rune of Zot
 48815 | Spider:4 | Noticed Bai Suzhen
 48837 | Spider:4 | Killed Bai Suzhen
 49265 | Elf:1    | Entered Level 1 of the Elven Halls
 49399 | Elf:1    | Reached skill level 15 in Maces & Flails
 49399 | Elf:1    | Reached XP level 20. HP: 117/120 MP: 30/32
 49419 | Elf:1    | Found a ruined gateway.
 49435 | Desolati | Entered the Desolation of Salt
 49963 | Desolati | Got a sparkling golden amulet
 49964 | Desolati | Identified the amulet of Nesol {Inacc +Blink Dex+5} (You found it in the Desolation of Salt)
 49968 | Desolati | Got a pitted golden ring
 49969 | Desolati | Identified the ring "Mauts" {+Fly rElec rPois Int-4 Dex+6} (You found it in the Desolation of Salt)
 50715 | Desolati | Identified the ring of Qirchid {rElec rC+} (You found it in the Desolation of Salt)
 50720 | Desolati | Identified the Collected Works on Intoxication and Orientation
 50744 | Desolati | Identified the Volume of Transmigration and the Entourage
 51371 | Elf:1    | Noticed a Brimstone Fiend
 51574 | Elf:1    | Found Siheynad's Assorted Antiques.
 52221 | Elf:2    | Found a runed gate.
 52221 | Elf:2    | Found a runed gate.
 52223 | Elf:2    | Found a runed gate.
 52314 | Elf:2    | Noticed Azrael
 52347 | Elf:2    | Killed Azrael
 52348 | Elf:2    | Found Epifuana's Food Shoppe.
 52402 | Elf:2    | Cast into level 2 of the Abyss (a deep elf sorcerer)
 52898 | Abyss:2  | Found a corrupted altar of Lugonu.
 53089 | Abyss:2  | Lost mutation: You have a pair of small antennae on your head. [mutagenic meat]
 53134 | Abyss:2  | Reached XP level 21. HP: 116/126 MP: 30/33
 53137 | Abyss:2  | Paralysed by accursed screaming for 1 turns
 53355 | Abyss:2  | Gained mutation: You are very frail. (-20% HP) [a neqoxec]
 53359 | Abyss:2  | Gained mutation: You do not regenerate when monsters are visible. [a neqoxec]
 53632 | Elf:2    | Escaped the Abyss
 53697 | Elf:2    | Lost mutation: You are somewhat resistant to further mutation. [potion of mutation]
 53697 | Elf:2    | Lost mutation: Your muscles are strong. (Str +2) [potion of mutation]
 53697 | Elf:2    | Lost mutation: Your spells are a little harder to cast, but a little more powerful. [potion of mutation]
 53697 | Elf:2    | Lost mutation: You are partially covered in iridescent scales. (AC +2) [potion of mutation]
 53697 | Elf:2    | Gained mutation: You have a pair of small antennae on your head. [potion of mutation]
 53697 | Elf:2    | Gained mutation: You are agile. (Dex +2) [potion of mutation]
 53697 | Elf:2    | Gained mutation: Your muscles are strong. (Str +2) [potion of mutation]
 53698 | Elf:2    | Lost mutation: You have a pair of small antennae on your head. [potion of mutation]
 53698 | Elf:2    | Lost mutation: You are very frail. (-20% HP) [potion of mutation]
 53698 | Elf:2    | Lost mutation: Your muscles are strong. (Str +2) [potion of mutation]
 53698 | Elf:2    | Gained mutation: You have very sharp teeth. [potion of mutation]
 53698 | Elf:2    | Gained mutation: You are partially covered in large bone plates. (SH +4) [potion of mutation]
 53699 | Elf:2    | Lost mutation: You are agile. (Dex +2) [potion of mutation]
 53699 | Elf:2    | Lost mutation: You have sharp fingernails. [potion of mutation]
 53699 | Elf:2    | Lost mutation: You do not regenerate when monsters are visible. [potion of mutation]
 53699 | Elf:2    | Lost mutation: You are frail. (-10% HP) [potion of mutation]
 53699 | Elf:2    | Lost mutation: You are partially covered in large bone plates. (SH +4) [potion of mutation]
 53699 | Elf:2    | Gained mutation: You are partially covered in molten scales. (AC +2) [potion of mutation]
 53699 | Elf:2    | Lost mutation: You have supernaturally acute eyesight. (SInv) [potion of mutation]
 53699 | Elf:2    | Gained mutation: You have supernaturally acute eyesight. (SInv) [potion of mutation]
 53699 | Elf:2    | Gained mutation: Your muscles are strong. (Str +2) [potion of mutation]
 54977 | Depths:1 | Entered Level 1 of the Depths
 55005 | Depths:1 | Gained mutation: You do not regenerate when monsters are visible. [mutagenic meat]
 55007 | Depths:1 | Gained mutation: You are robust. (+10% HP) [mutagenic meat]
 55008 | Depths:1 | Gained mutation: You have a pair of small horns on your head. [mutagenic meat]
 55011 | Depths:1 | Lost mutation: Your muscles are strong. (Str +2) [mutagenic meat]
 55012 | Depths:1 | Lost mutation: You have supernaturally acute eyesight. (SInv) [potion of mutation]
 55012 | Depths:1 | Lost mutation: You are robust. (+10% HP) [potion of mutation]
 55012 | Depths:1 | Lost mutation: You do not regenerate when monsters are visible. [potion of mutation]
 55012 | Depths:1 | Gained mutation: You can translocate small distances at will. [potion of mutation]
 55012 | Depths:1 | Gained mutation: Your muscles are strong. (Str +2) [potion of mutation]
 55075 | Depths:1 | Gained mutation: You are partially covered in slimy green scales. (AC +2) [mutagenic meat]
 55077 | Depths:1 | Gained mutation: You are frail. (-10% HP) [mutagenic meat]
 55078 | Depths:1 | Gained mutation: Your spells are a little easier to cast, but a little less powerful. [mutagenic meat]
 55080 | Depths:1 | Gained mutation: You are clumsy. (Dex -2) [mutagenic meat]
 55081 | Depths:1 | Lost mutation: You can translocate small distances at will. [mutagenic meat]
 55084 | Depths:1 | Gained mutation: Scrolls take you a little longer to read. [mutagenic meat]
 55085 | Depths:1 | Gained mutation: Your muscles are very strong. (Str +4) [mutagenic meat]
 55087 | Depths:1 | Lost mutation: Scrolls take you a little longer to read. [potion of mutation]
 55087 | Depths:1 | Lost mutation: You have large cloven feet. [potion of mutation]
 55087 | Depths:1 | Gained mutation: Your spells are easier to cast, but less powerful. [potion of mutation]
 55087 | Depths:1 | Gained mutation: You have a pair of horns on your head. [potion of mutation]
 55087 | Depths:1 | Lost mutation: You are clumsy. (Dex -2) [potion of mutation]
 55088 | Depths:1 | Lost mutation: You are frail. (-10% HP) [potion of mutation]
 55088 | Depths:1 | Lost mutation: You have a pair of horns on your head. [potion of mutation]
 55088 | Depths:1 | Lost mutation: Your muscles are very strong. (Str +4) [potion of mutation]
 55088 | Depths:1 | Gained mutation: Your magical capacity is low. (-10% MP) [potion of mutation]
 55088 | Depths:1 | Gained mutation: You are partially covered in large bone plates. (SH +4) [potion of mutation]
 55168 | Depths:1 | Noticed the Enchantress
 55266 | Depths:1 | HP: 4/141 [something (8)]
 55267 | Depths:1 | Killed from afar by a spriggan air mage

Vault maps used:
D:1:      minmay_arrival_solitary_statue, kennysheep_decorative_pillar
D:2:      uniq_terence
D:3:      grunt_temple_overflow_open, marbit_many_paths, first_bread,
          chequers_ecumenical_altar_island
D:4:      minmay_temple_entry_overgrown, serial_shops,
          nicolae_shop_competitors_out_of_business, kennysheep_mini_moat,
          bloody_makhleb
D:5:      serial_shops, shop
D:6:      serial_shops, nicolae_shop_trees, minmay_joined_circles
D:8:      minmay_lair_entry_grove
D:10:     david_orc_3, basic_altar, uniq_erolcha, uniq_harold
D:11:     serial_shops, kennysheep_little_box, grunt_tengu_nest
D:12:     uniq_maurice, uniq_fannar
D:13:     david_vaults_3, kennysheep_nondescript, serial_bayou_pond_e
D:14:     basic_altar, minmay_strange_pillars, enter_trove_1,
          einodemon_armed_red_devil_minivault, uniq_frances
D:15:     grunt_enter_depths_hoard, nrook_pool_corridor
Temple:   eino_wide_crystal_templ
Lair:1:   worms_lemuel, grunt_megastairs_2
Lair:2:   minmay_lair_oklob_tunnel, spider_nest_entry_funnel_web
Lair:3:   minmay_swamp_entry_worms, patterned_corridor, uniq_gastronok,
          uniq_nergalle, uniq_prince_ribbit2
Lair:4:   pf_torpor_hydra
Lair:5:   regret_index_tunnel_blossom, serial_bayou_shore_a
Lair:6:   evilmike_catoblepas_cave, minmay_slime_entry_eyes,
          guppyfry_lair_drakes, uniq_snorg
Swamp:1:  serial_swamp_ruin, evilmike_swamp_ruin_rubble_1,
          evilmike_swamp_ruin_house_1, swamp_pool2, infiniplex_staircase_pool
Swamp:2:  evilmike_swamp_ruin_house_4, swamp_pool5, grunt_hermit_hut,
          uniq_jorgrun, uniq_aizul
Swamp:3:  evilmike_swamp_ruin_house_5, swamp_pool2, uniq_donald
Swamp:4:  swamp_basic_johnstein, uniq_kirke
Spider:2: spider_trap, uniq_arachne
Spider:3: guppyfry_spider_mini_3, uniq_mara
Spider:4: grunt_spider_rune_island, nicolae_spider_ant_collections, uniq_louise,
          uniq_bai_suzhen
Orc:2:    grunt_orc_community_town_hall, grunt_orc_community_big_house_2,
          grunt_orc_community_big_house_1, grunt_orc_community_house_2,
          grunt_orc_community_house_2, grunt_orc_community_house_1,
          grunt_orc_community_house_1, grunt_orc_community_house_3, basic_altar,
          nicolae_orc_damp_corner
Elf:1:    eino_elf_arrival_customs, serial_shops, nicolae_shop_waterfront,
          portal_desolation_entry_nicolae_slug, hangedman_elf_represent,
          roderic_roman_lattice
Elf:2:    serial_shops, nicolae_shop_crystal, uniq_azrael
Depths:1: hell_entry, minivault_14, hangedman_decor_clover_reticule,
          serial_sigils_hangedman_stare, minmay_acid_items, uniq_saint_roka,
          uniq_enchantress

Skill      XL: |  1  2  3  4  5  6  7  8  9 10 11 12 13 14 15 16 17 18 19 20 21 |
---------------+----------------------------------------------------------------+-----
Throwing       | 1 2 3 4 5 6 7 8 9 |  9.0
Dodging        | 1 2 3 4 5 6 7 |  7.1
Maces & Flails | 3 4 6 7 9 10 11 12 13 14 15 | 15.0
Fighting       | 4 5 6 7 8 9 11 12 13 14 15 16 17 18 | 18.0
Armour         | 4 6 7 8 9 10 11 12 13 14 15 16 17 18 | 18.3
Invocations    | 3 4 6 7 8 9 10 11 12 13 14 15 16 17 | 17.0
Shields        | 6 7 8 9 10 11 12 13 14 15 16 17 | 17.8

Action                   |  1- 3 |  4- 6 |  7- 9 | 10-12 | 13-15 | 16-18 | 19-21 || total
-------------------------+-------+-------+-------+-------+-------+-------+-------++-------
Melee: Flail             |   109 |   217 |   561 |   989 |  2086 |       |       ||  3962
       Morningstar       |       |       |       |       |   278 |  1011 |       ||  1289
       Eveningstar       |       |       |       |       |       |  1571 |  2093 ||  3664
       Bite              |       |       |       |       |       |       |    45 ||    45
       Headbutt          |       |       |       |       |       |       |    18 ||    18
Throw: Stone             |    86 |   173 |   201 |   322 |   577 |   959 |   596 ||  2914
       Tomahawk          |       |       |    16 |   104 |    69 |   163 |   243 ||   595
       Javelin           |       |       |       |       |     3 |    16 |    21 ||    40
Invok: Greater Healing   |       |       |       |     3 |     8 |     9 |     5 ||    25
       Lesser Healing    |       |       |       |     4 |    19 |     3 |     1 ||    27
 Abil: Evoke Flight      |       |       |       |     2 |       |       |       ||     2
       Fly               |       |       |       |       |     1 |       |       ||     1
Evoke: Wand              |       |       |       |       |     1 |       |     1 ||     2
  Use: Scroll            |     4 |     5 |     7 |     7 |     5 |    17 |     6 ||    51
       Potion            |       |     2 |     3 |     1 |     1 |     6 |    17 ||    30
 Stab: Distracted        |       |       |       |       |       |       |     1 ||     1
  Eat: Chunk             |     1 |     8 |    22 |    24 |    42 |    66 |    51 ||   214
       Fruit             |       |       |     5 |       |       |     2 |       ||     7
       Bread ration      |       |       |     3 |       |       |       |       ||     3
       Meat ration       |       |       |     1 |     1 |     2 |     1 |     2 ||     7
       Royal jelly       |       |       |     1 |       |       |     1 |     3 ||     5
Armor: Scale mail        |    59 |     6 |       |       |       |       |       ||    65
       Chain mail        |       |   120 |   306 |   572 |  1228 |       |       ||  2226
       Plate armour      |       |       |       |       |    53 |  1611 |   980 ||  2644
Dodge: Dodged            |    49 |    78 |   180 |   385 |   979 |   986 |   527 ||  3184
Block: Buckler           |       |       |   178 |   469 |  1136 |   755 |       ||  2538
       Shield            |       |       |       |       |       |  1048 |  1610 ||  2658
       Reflection        |       |       |       |       |       |     9 |    40 ||    49
